 Dungeon Crawl Stone Soup version 0.28.0-45-g0d030f2227 (webtiles) character file.

Game seed: 5271148144629482348

33 Iusername the Skirmisher (level 3, -3/33 HPs)
             Began as a Minotaur Fighter on Apr 7, 2022.
             Slain by an iguana (7 damage)
             ... on level 2 of the Dungeon.
             The game lasted 00:01:01 (713 turns).

Iusername the Skirmisher (Minotaur Fighter)          Turns: 713, Time: 00:01:02

Health: -3/33      AC:  7    Str: 22    XL:     3   Next: 12%
Magic:  2/2        EV:  9    Int:  5    God:
Gold:   62         SH:  4    Dex:  9    Spells: 2/2 levels left

rFire   . . .      SeeInvis .   a - +0 war axe
rCold   . . .      Faith    .   c - +0 buckler
rNeg    . . .      Spirit   .   b - +0 scale mail
rPois   .          Reflect  .   (helmet restricted)
rElec   .          Harm     .   (no cloak)
rCorr   .          Rampage  .   (no gloves)
Will    .....                   (no boots)
Stlth   ..........              (no amulet)
HPRegen 0.11/turn               (no ring)
MPRegen 0.08/turn               (no ring)

@: no status effects
A: horns 2, retaliatory headbutt
a: no special abilities


You were on level 2 of the Dungeon.
You visited 1 branch of the dungeon, and saw 2 of its levels.

You collected 62 gold pieces.

Inventory:

Hand Weapons
 a - a +0 war axe (weapon)
Armour
 b - a +0 scale mail (worn)
 c - a +0 buckler (worn)
Jewellery
 e - a +6 ring of strength
Scrolls
 f - a scroll of fog {unknown}
Potions
 d - a potion of might


   Skills:
 + Level 4.2 Fighting
 + Level 2.9 Axes
 + Level 4.0 Armour
 + Level 4.1 Shields


You had 2 spell levels left.
You didn't know any spells.
Your spell library contained the following spells:

 Spells                   Type           Power      Damage    Failure   Level
 Summon Guardian Golem    Hex/Summ       0%         N/A       99%         3
 Orb of Destruction       Conj           0%         9d5       100%        7
 Spellforged Servitor     Conj/Summ      0%         N/A       100%        7


Dungeon Overview and Level Annotations

Branches:
Dungeon (2/15)

Altars:

Shops:
D:1 [


Innate Abilities, Weirdness & Mutations

You have a pair of horns on your head.
You reflexively headbutt those who attack you in melee.


Message History

There is a stone staircase leading up here.
There are monsters nearby!
You closely miss the iguana. The iguana bites you!
There are monsters nearby!
You hit the iguana. Your headbutt misses the iguana.
The iguana is moderately wounded.
The iguana bites you. You block the jackal's attack. x2
There are monsters nearby!
You barely miss the iguana. Your headbutt misses the iguana.
The iguana is moderately wounded.
You closely miss the jackal. You slash the jackal!
You kill the jackal!
The iguana bites you! The jackal bites you. The iguana bites you!
* * * LOW HITPOINT WARNING * * *
The jackal bites you.
* * * LOW HITPOINT WARNING * * *
You are too injured to fight recklessly!
There's nothing to open nearby.
Nothing quivered!
There are monsters nearby!
You are too injured to fight recklessly!
There are monsters nearby!
You are too injured to fight recklessly!
There are monsters nearby!
You are too injured to fight recklessly!
There are monsters nearby!
You are too injured to fight recklessly!
You are too injured to fight recklessly!
There's nothing to open nearby.
There are monsters nearby!
Nothing quivered!
There are monsters nearby!
You are too injured to fight recklessly!
There are monsters nearby!
You hit the jackal.
You kill the jackal!
You barely miss the iguana. You hit the jackal.
You kill the jackal!
The iguana bites you!
You die...

#.......## .#
.........# #.#
.........# #...
.........##....
........?#...
...........
.........#
.......<.#
.......@.#
.......l.#
.........#
#.......##
##....$#.
###### #


You could see an iguana.

Vanquished Creatures
  A dart slug (D:1)
  6 bats (D:1)
  4 endoplasms (D:1)
  A giant cockroach (D:1)
  A goblin (D:1)
  2 hobgoblins (D:1)
  6 jackals
  2 kobolds (D:1)
  2 quokkas (D:1)
  A ball python (D:1)
  2 rats (D:1)
28 creatures vanquished.

Notes
Turn   | Place    | Note
-------+----------+-------------------------------------------
     0 | D:1      | Iusername the Minotaur Fighter began the quest for the Orb.
     0 | D:1      | Reached XP level 1. HP: 19/19 MP: 0/0
    54 | D:1      | Reached XP level 2. HP: 26/27 MP: 1/1
    91 | D:1      | Found Xasheo's Armour Boutique.
   565 | D:1      | Reached XP level 3. HP: 33/33 MP: 2/2
   713 | D:2      | Slain by an iguana

Illustrated notes

Levels and vault maps discovered:
D:1:      erik_arrival_blinker_ship, layout_loops_ring, serial_shops, shop
D:2:      layout_rooms

Skill      XL: |  1  2 |
---------------+-------+-----
Fighting       | 4 |  4.2
Shields        | 4 |  4.1
Armour         | 4 |  4.0
Axes           | |  2.9

Action                   || total
-------------------------++-------
Melee: War axe           ||    53
       Headbutt          ||     6
Armor: Scale mail        ||    31
Dodge: Dodged            ||    27
Block: Buckler           ||    12
